 Dungeon Crawl Stone Soup version 0.28-a0-512-g960c72b710 (webtiles) character file.

Game seed: 11351625349054842968

64 Murumi the Skirmisher (level 4, -1/43 (46) HPs)
             Began as an Ogre Gladiator on Sept 22, 2021.
             Slain by Grinder (6 damage)
             ... on level 3 of the Dungeon.
             The game lasted 00:08:13 (2414 turns).

Murumi the Skirmisher (Ogre Gladiator)              Turns: 2414, Time: 00:08:13

HP:   -1/43 (46)    AC:  4    Str: 18    XL:     4   Next: 12%
MP:   3/4           EV: 10    Int: 10    God:
Gold: 103           SH:  0    Dex: 10    Spells: 3/3 levels left

rFire   + . .      SeeInvis .   f - +0 whip
rCold   + . .      Faith    .   (no shield)
rNeg    . . .      Spirit   .   b - +0 robe
rPois   +          Reflect  .   c - +1 hat
rElec   +          Harm     .   h - scarf {+Inv}
rCorr   +          Rampage  .   (gloves unavailable)
Will    .....                   (boots unavailable)
Stlth   ++........              (no amulet)
HPRegen 0.14/turn               (no ring)
MPRegen 0.09/turn               (no ring)

@: resistant, very slightly contaminated, drained
A: large, unfitting armour, tough skin 1
a: Evoke Invisibility


You were on level 3 of the Dungeon.
You visited 1 branch of the dungeon, and saw 3 of its levels.

You collected 103 gold pieces.

Inventory:

Hand Weapons
 a - a +0 flail
 f - a +0 whip (weapon)
Missiles
 g - 47 stones
 k - 5 poisoned darts (quivered)
Armour
 b - a +0 robe (worn)
 c - a +1 hat (worn)
 h - a scarf of invisibility (worn)
Scrolls
 e - a scroll of enchant armour


   Skills:
 + Level 3.6 Fighting
 - Level 3.0 Maces & Flails
 - Level 2.0 Throwing
 - Level 3.0 Dodging
 - Level 2.0 Stealth


You had 3 spell levels left.
You didn't know any spells.
Your spell library was empty.

Dungeon Overview and Level Annotations

Branches:
Dungeon (3/15)

Altars:

Shops:
D:2 [

Annotations:
D:3 Grinder


Innate Abilities, Weirdness & Mutations

You are too large for most types of armour.
You have tough skin. (AC +1)


Message History

Press: ? - help, Q - select action, (/) - cycle Shift-Dir - straight line, f/p - Grinder
Aim: Grinder (lightly wounded, 53% to hit)
You throw a poisoned dart.
The poisoned dart closely misses Grinder.
Throw: 6 darts (poison)
Press: ? - help, Q - select action, (/) - cycle Shift-Dir - straight line, f/p - Grinder
Aim: Grinder (lightly wounded, 53% to hit)
Okay, then.
You feel protected.
Grinder says, "Just stop there for a second..."
Throw: 6 darts (poison)
Press: ? - help, Q - select action, (/) - cycle Shift-Dir - straight line, f/p - Grinder
Aim: Grinder (lightly wounded, 53% to hit)
You throw a poisoned dart.
The poisoned dart closely misses Grinder.
You closely miss Grinder.
Grinder is lightly wounded.
Grinder hits you.
You writhe in agony.
You completely miss Grinder.
Grinder is lightly wounded.
Grinder hits you but does no damage.
You hit Grinder but do no damage.
Grinder is lightly wounded.
You flicker back into view.
Grinder barely misses you.
You hit Grinder.
Grinder is lightly wounded.
Grinder hits you.
* * * LOW HITPOINT WARNING * * *
You writhe in agony.
* * * LOW HITPOINT WARNING * * *
You hit Grinder.
Grinder is moderately wounded.
Grinder barely misses you.
You closely miss Grinder.
Grinder is moderately wounded.
Grinder hits you.
* * * LOW HITPOINT WARNING * * *
You writhe in agony.
You die...

############# ...
......#..... ###..#
#.......#### .(..#
#.......# #((.#
#.....(# #(..#
#......# #(..#
#......# #5..#
#......#
#.##@..###......#####
#.)......'......'....
######.###......#####
........# ########
#########


You could see Grinder.

Vanquished Creatures
  2 adders
  A worm (D:2)
  2 dart slugs (D:2)
  2 bats
  3 endoplasms (D:1)
  5 hobgoblins
  5 kobolds
  3 quokkas
  3 ball pythons
  2 frilled lizards (D:1)
  11 rats
39 creatures vanquished.

Vanquished Creatures (others)
  28 plants (D:2)
28 creatures vanquished.

Grand Total: 67 creatures vanquished

Notes
Turn   | Place    | Note
-------+----------+-------------------------------------------
     0 | D:1      | Murumi the Ogre Gladiator began the quest for the Orb.
     0 | D:1      | Reached XP level 1. HP: 22/22 MP: 1/1
   567 | D:1      | Reached XP level 2. HP: 31/31 MP: 2/2
  1171 | D:2      | Reached skill level 1 in Stealth
  1276 | D:2      | Reached XP level 3. HP: 35/37 MP: 3/3
  1309 | D:2      | Found Nuttaomm's Antique Armour Shop.
  1337 | D:2      | Found a faded altar of an unknown god.
  2072 | D:3      | Reached XP level 4. HP: 21/45 MP: 4/4
  2393 | D:3      | Noticed Grinder
  2414 | D:3      | Slain by Grinder

Illustrated notes

Levels and vault maps discovered:
D:1:      saegor_arrival_miasma, layout_loops_ring
D:2:      layout_loops_cross, serial_shops, nicolae_shop_stone,
          hellmonk_ecumenical_altar_crossroads, minmay_misc_feat_tiny,
          serial_bayou_lagoon_a
D:3:      layout_basic, uniq_grinder

Skill      XL: |  1  2  3 |
---------------+----------+-----
Fighting       | 3 |  3.6
Maces & Flails | 3 |  3.0
Dodging        | 3 |  3.0
Stealth        | 1 2 |  2.0
Throwing       | |  2.0

Action                   |  1- 3 |  4- 6 || total
-------------------------+-------+-------++-------
Melee: Flail             |    44 |       ||    44
       Whip              |   114 |    12 ||   126
Throw: Stone             |     9 |     3 ||    12
       Dart              |     2 |     8 ||    10
       Throwing net      |       |     3 ||     3
 Abil: Evoke Invisibilit |       |     1 ||     1
  Use: Scroll            |     6 |       ||     6
       Potion            |     1 |     1 ||     2
 Stab: Sleeping          |     3 |       ||     3
Armor: Robe              |    41 |     3 ||    44
Dodge: Dodged            |    71 |     3 ||    74

Table legend: (Time is in decaauts)
 A = Elapsed time spent in this place.
 B = Non-inter-level travel time spent in this place.
 C = Inter-level travel time spent in this place.
 D = Time resting spent in this place.
 E = Time spent auto-exploring this place.
 F = Levels seen in this place.
 G = Mean time per level.
                   A        B        C        D        E       F      G
               +--------+--------+--------+--------+--------+-----+--------+
         Total |   2432 |   2359 |     73 |    197 |   1744 |   3 |  810.7 |
       Dungeon |   2432 |   2359 |     73 |    197 |   1744 |   3 |  810.7 |
               +--------+--------+--------+--------+--------+-----+--------+

Top non-repeatable levels by time:
     D:1: 1133 daAuts
     D:2: 1126 daAuts
     D:3: 173 daAuts
